 Dungeon Crawl Stone Soup version 0.28.0-53-g5a82cb258f (webtiles) character file.

Game seed: 14441656568572326124

786 cbfl8 the Chopper (level 7, -1/61 HPs)
             Began as a Minotaur Berserker on July 12, 2022.
             Was a Believer of Trog.
             Slain by an unseen horror (9 damage)
             ... on level 6 of the Dungeon.
             The game lasted 00:06:32 (6215 turns).

cbfl8 the Chopper (Minotaur Berserker)              Turns: 6215, Time: 00:06:33

Health: -1/61      AC: 17    Str: 21    XL:     7   Next: 56%
Magic:  6/6        EV:  7    Int:  4    God:    Trog [**....]
Gold:   182        SH:  0    Dex: 12    Spells: 6/6 levels left

rFire   . . .      SeeInvis .   u - +2 falchion (vorpal)
rCold   . . .      Faith    .   (no shield)
rNeg    . . .      Spirit   .   f - +0 plate armour
rPois   +          Reflect  .   (helmet restricted)
rElec   .          Harm     .   (no cloak)
rCorr   .          Rampage  .   d - +0 pair of gloves
Will    ++...                   (no boots)
Stlth   ..........              (no amulet)
HPRegen 1.20/turn               i - ring of poison resistance
MPRegen 0.10/turn               p - +4 ring of protection

@: strong-willed, on berserk cooldown, regenerating, slowed, very slow
A: horns 2, retaliatory headbutt
a: Renounce Religion, Berserk, Trog's Hand


You were on level 6 of the Dungeon.
You worshipped Trog.
Trog was pleased with you.
You visited 1 branch of the dungeon, and saw 6 of its levels.

You collected 182 gold pieces.

Inventory:

Hand Weapons
 a - a +0 hand axe
 b - a +2 flail of holy wrath
 u - a +2 vorpal falchion (weapon)
Armour
 d - a +0 pair of gloves (worn)
 f - a +0 plate armour (worn)
 s - a +0 ring mail
Jewellery
 i - a ring of poison resistance (left hand)
 p - a +4 ring of protection (right hand)
Wands
 o - a wand of charming (5)
 v - a wand of flame (7)
Scrolls
 e - 6 scrolls of identify {unknown}
 g - a scroll of magic mapping {unknown}
 h - a scroll of teleportation {unknown}
 k - a scroll of acquirement {unknown}
 n - a scroll of immolation
 q - a scroll of noise {unknown}
 w - a scroll of fog {unknown}
 y - a scroll of vulnerability {unknown}
 A - a scroll of torment {unknown}
Potions
 c - a potion of flight {unknown}
 j - 2 potions of attraction {unknown}
 l - 2 potions of curing {unknown}
 m - a potion of resistance {unknown}
 r - a potion of invisibility {unknown}
 t - a potion of lignification {unknown}
 x - a potion of berserk rage {unknown}
 z - 2 potions of heal wounds {unknown}
 B - 2 potions of degeneration {unknown}


   Skills:
 + Level 5.5 Fighting
 + Level 2.4 Long Blades
 + Level 6.5(6.7) Axes
 + Level 2.4(4.8) Maces & Flails
 + Level 5.1 Armour
 + Level 3.4 Dodging
 + Level 2.1 Stealth


You had 6 spell levels left.
You didn't know any spells.
Your spell library contained the following spells:

 Spells                   Type           Power      Damage    Failure   Level
 Foxfire                  Conj/Fire      0%         2x1d4     100%        1
 Conjure Flame            Conj/Fire      0%         6-21      100%        3
 Inner Flame              Hex/Fire       0%         N/A       100%        3
 Flame Wave               Conj/Fire      0%         2d4       100%        4
 Petrify                  Tmut/Erth      0%         N/A       100%        4
 Metabolic Englaciation   Hex/Ice        0%         N/A       100%        5
 Statue Form              Tmut/Erth      0%         N/A       100%        6


Dungeon Overview and Level Annotations

Branches:
Dungeon (6/15)
 Temple: D:4-7

Altars:
Ashenzari
Cheibriados
Okawaru
Vehumet
Xom

Shops:
D:1 *


Innate Abilities, Weirdness & Mutations

You have a pair of horns on your head.
You reflexively headbutt those who attack you in melee.


Message History

Something hits you. Something hits you. Something hits you but does no damage.
Something hits you but does no damage.
Something hits you but does no damage. x2
A red film seems to cover your vision as you go berserk!
You feel yourself moving faster!
You feel mighty! Something hits you.
You feel a strong urge to attack something.
Something hits you.
You slash something! Your punch misses something.
Something hits you but does no damage. x2
Something hits you but does no damage.
You feel a strong urge to attack something.
Something hits you.
You are no longer berserk.
You are exhausted.
You feel yourself slow down. Something hits you but does no damage.
You closely miss something. Something hits you but does no damage.
Something hits you.
You barely miss something. Something hits you but does no damage.
Something hits you!
* * * LOW HITPOINT WARNING * * *
Something hits you but does no damage. Something hits you but does no damage.
Something hits you but does no damage. x2
As you read the scroll labelled VIAPEOS BINUS, it crumbles to dust.
The creatures around you are filled with an inner flame!
It was a scroll of immolation.
Something hits you but does no damage. Something hits you.
* * * LOW HITPOINT WARNING * * *
Something hits you but does no damage. Something hits you but does no damage.
Something hits you but does no damage. x2
Something hits you!
* * * LOW HITPOINT WARNING * * *
Something hits you but does no damage.
Your skin crawls.
You feel strong-willed. Something hits you but does no damage.
Something hits you!
You die...

#.#.......# #
#.#......
########+#.#.#####
#..........#.#
#..........#.#
####............#
#....................
#..............######
#...@....##.#.....
#...#######.######
#... #.# #... #.#
#... #.# ####


There were no monsters in sight!

Vanquished Creatures
  Grinder (D:6)
  An ice beast (D:5)
  An ogre (D:5)
  A black bear (D:4)
  A bullfrog skeleton (D:5)
  An orc priest (D:4)
  2 iguanas
  2 orc wizards
  A hound zombie (D:5)
  3 adders
  2 shadow imps (D:6)
  An ufetubus (D:4)
  2 worms
  3 dart slugs
  14 orcs
  5 ball pythons
  8 endoplasms
  2 giant cockroaches
  5 goblins
  8 hobgoblins
  2 jackals (D:3)
  5 kobolds
  A quokka (D:5)
  5 bats
  5 frilled lizards
  4 rats
86 creatures vanquished.

Notes
Turn   | Place    | Note
-------+----------+-------------------------------------------
     0 | D:1      | cbfl8 the Minotaur Berserker began the quest for the Orb.
     0 | D:1      | Reached XP level 1. HP: 19/19 MP: 0/0
   588 | D:1      | Reached XP level 2. HP: 27/27 MP: 1/1
   811 | D:1      | Reached skill level 4 in Axes
  1380 | D:1      | Found Syucomn's General Store.
  1707 | D:2      | Found a faded altar of an unknown god.
  1711 | D:2      | Reached XP level 3. HP: 29/33 MP: 2/2
  1772 | D:2      | Reached ** piety under Trog
  2613 | D:3      | Reached XP level 4. HP: 22/41 MP: 3/3
  2816 | D:3      | You fall into a shaft and drop 2 floors!
  2816 | D:5      | Entered Level 5 of the Dungeon
  2924 | D:4      | Reached skill level 1 in Stealth
  3159 | D:3      | Reached skill level 5 in Axes
  3482 | D:4      | Noticed a black bear
  3493 | D:4      | Reached XP level 5. HP: 39/47 MP: 4/4
  3493 | D:4      | Killed a black bear
  3855 | D:4      | Reached XP level 6. HP: 27/55 MP: 5/5
  4179 | D:4      | Found a snail-covered altar of Cheibriados.
  4465 | D:5      | Found a broken altar of Ashenzari.
  4626 | D:5      | Reached skill level 5 in Fighting
  4626 | D:5      | Reached skill level 6 in Axes
  4626 | D:5      | Reached skill level 1 in Maces & Flails
  4669 | D:5      | Found a shimmering altar of Xom.
  4670 | D:5      | Found a shimmering altar of Xom.
  4670 | D:5      | Found a shimmering altar of Xom.
  4788 | D:5      | Noticed an ice beast
  4797 | D:5      | Killed an ice beast
  5138 | D:5      | Reached skill level 1 in Long Blades
  5138 | D:5      | Reached XP level 7. HP: 48/61 MP: 6/6
  5312 | D:5      | Found a radiant altar of Vehumet.
  5314 | D:5      | Found an iron altar of Okawaru.
  5890 | D:6      | Noticed Grinder
  5908 | D:6      | Killed Grinder
  5909 | D:6      | Reached skill level 5 in Armour
  6215 | D:6      | Slain by an unseen horror

Illustrated notes

Levels and vault maps discovered:
D:1:      minmay_arrival_wavy_path, layout_basic, serial_shops, shop
D:2:      layout_loops_cross, basic_ecumenical_altar
D:3:      kennysheep_big_flooded_room, layout_basic
D:4:      layout_basic, slow_altar_2
D:5:      layout_cave_pods, mainiacjoe_overflow_alcove_1,
          nicolae_overflow_hidden_temple, xom_redecorated
D:6:      layout_basic, gammafunk_ghost_gnarly_gnolls, uniq_grinder

Skill      XL: |  1  2  3  4  5  6  7 |
---------------+----------------------+-----
Axes           | 4 5 6 |  6.5
Fighting       | 4 5 |  5.5
Armour         | 3 4 5 |  5.1
Stealth        | 1 2 |  2.1
Dodging        | 3 |  3.4
Maces & Flails | 1 2 |  2.4
Long Blades    | 1 2 |  2.4

Action                   |  1- 3 |  4- 6 |  7- 9 || total
-------------------------+-------+-------+-------++-------
Melee: Hand axe          |    86 |    29 |       ||   115
       Headbutt          |    12 |    13 |     5 ||    30
       Punch             |     1 |     1 |     2 ||     4
       Flail             |       |    14 |       ||    14
       Falchion          |       |    24 |    30 ||    54
Invok: Berserk           |       |     3 |     2 ||     5
       Trog's Hand       |       |     2 |     2 ||     4
  Use: Potion            |       |     1 |       ||     1
       Scroll            |       |       |     1 ||     1
 Stab: Sleeping          |     2 |     2 |       ||     4
Armor: Animal skin       |     2 |       |       ||     2
       Leather armour    |    28 |     6 |       ||    34
       Ring mail         |       |     7 |       ||     7
       Plate armour      |       |    40 |    42 ||    82
Dodge: Dodged            |    49 |    50 |    10 ||   109
